 Dungeon Crawl Stone Soup version 0.18.1-48-g4cf74bf (webtiles) character file.

186 djnw the Caller (level 5, -9/35 HPs)
             Began as a Mummy Summoner on Aug 22, 2016.
             Killed by triggering a spear trap (22 damage)
             ... in an ossuary.
             The game lasted 00:18:26 (4018 turns).

djnw the Caller (Mummy Summoner)                    Turns: 4018, Time: 00:18:27

Health: -9/35      AC:  4    Str: 11    XL:     5   Next: 38%
Magic:  10/10      EV: 12    Int: 16    God:
Gold:   173        SH:  0    Dex: 12    Spells: 3 memorised, 5 levels left

rFire  x . .     SeeInvis .     c - +1 club
rCold  + . .     Gourm    .     a - +0 robe
rNeg   + + +     Faith    .     (no shield)
rPois  ∞         Spirit   .     (no helmet)
rElec  .         Dismiss  .     (no cloak)
rCorr  .         Reflect  .     j - +0 pair of gloves
SustAt .         Harm     .     (no boots)
MR     .....                    (no amulet)
Stlth  ++........               (no ring)
                                d - +1 ring of protection

@: not resistant to hostile enchantments, unstealthy
A: no food or potions, fire vulnerability, cold resistance 1, negative energy
resistance 3, torment resistance, unbreathing
a: no special abilities


You were in an ossuary.
You were not hungry.

You visited 1 branch of the dungeon, and saw 4 of its levels.
You also visited: Ossuary.

You collected 173 gold pieces.

Inventory:

Hand Weapons
 c - a +1 club (weapon)
Armour
 a - a +0 robe (worn)
 j - a +0 pair of gloves (worn)
Jewellery
 d - a +1 ring of protection (left hand)
Scrolls
 e - 3 scrolls of identify
 f - a scroll of teleportation
 g - a scroll of blinking
 h - a scroll of amnesia
 i - 2 scrolls of remove curse
Books
 b - a book of Callings

   Spells                             Type                      Level
   a - Summon Small Mammal            Summoning                    1
   b - Call Imp                       Summoning                    2
   c - Call Canine Familiar           Summoning                    3
   d - Summon Guardian Golem          Hexes/Summoning              3
   e - Summon Lightning Spire         Summoning/Air                4
   f - Summon Ice Beast               Ice/Summoning                4


   Skills:
 - Level 1.5 Dodging
 - Level 1.5 Stealth
 + Level 3.8 Spellcasting
 * Level 4.6 Summonings


You had 5 spell levels left.
You knew the following spells:

 Your Spells              Type           Power        Failure   Level  Hunger
a - Summon Small Mammal   Summ           ###.         2%          1    N/A
b - Call Imp              Summ           ###.....     4%          2    N/A
c - Call Canine Familiar  Summ           ###.....     10%         3    N/A

Dungeon Overview and Level Annotations

Branches:
Dungeon (4/15)
 Temple: D:4-7

Altars:
Gozag
Makhleb
Nemelex Xobeh
Pakellas


Innate Abilities, Weirdness & Mutations

You do not eat or drink.
Your flesh is vulnerable to fire.
You are immune to poison.
Your flesh is cold resistant.
You are immune to negative energy.
You are immune to unholy pain and torment.
You can survive without breathing.


Message History

Found a fuming coppery potion.
Found a fuming coppery potion and a scroll of identify.
There is an open door here.
Press: ? - help, v - describe, . - travel
Here: a mummy (fire blocked by a translucent stone wall)
The floor.
Unknown command.
A spear shoots out and hits you!
Ouch! That really hurt!
There is a spear trap here.
You open the door.
A big kobold zombie comes into view.
Your hound disappears in a puff of smoke!
Drop what? 10/52 slots (_ for help) (? for menu, Esc to quit)
Okay, then.
Unknown command.
Really walk into that spear trap?
A spear shoots out and hits you!
Ouch! That really hurt!
You die...

#...8...#
#.......#
##8...8##
#.......#
#...8...#
#...#...#
##'######
#...#...#..
#..@'...8Z.
#...#......
##### 8...8
#..M# ....
#..!# 8..
#.!?# ..
##+## #


You could see a mummy and a big kobold zombie.

Vanquished Creatures
  A worker ant (D:4)
  An adder (D:3)
  A giant gecko (D:3)
  2 giant cockroaches
  4 hobgoblins
  5 jackals
  A ball python (D:1)
  4 bats
  A giant newt (D:3)
  6 goblins
  2 kobolds
  4 rats
32 creatures vanquished.

Vanquished Creatures (collateral kills)
  An ogre (D:4)
  A crimson imp (D:2)
  A human zombie (Ossuary)
  An adder (D:3)
  An ooze (D:2)
  4 worms
  4 dart slugs
  A giant gecko (D:2)
  An orc (D:3)
  2 bats
  A giant cockroach (D:2)
  2 goblins (D:2)
  4 hobgoblins
  9 jackals
  5 kobolds
  2 quokkas (D:3)
  2 giant newts
  A quokka skeleton (D:3)
  3 rats
46 creatures vanquished.

Grand Total: 78 creatures vanquished

Notes
Turn   | Place    | Note
--------------------------------------------------------------
     0 | D:1      | djnw the Mummy Summoner began the quest for the Orb.
     0 | D:1      | Reached XP level 1. HP: 13/13 MP: 3/3
   977 | D:1      | Reached XP level 2. HP: 12/19 MP: 0/5
  1182 | D:1      | Learned a level 2 spell: Call Imp
  1904 | D:2      | Reached XP level 3. HP: 5/24 MP: 4/7
  2367 | D:2      | Found an oddly glowing altar of Pakellas.
  2393 | D:2      | Learned a level 3 spell: Call Canine Familiar
  2696 | D:2      | Found a burning altar of Makhleb.
  2721 | D:2      | Reached skill level 4 in Summonings
  2850 | D:3      | Found an opulent altar of Gozag.
  2934 | D:3      | Reached XP level 4. HP: 27/30 MP: 8/8
  2955 | D:3      | Found a sparkling altar of Nemelex Xobeh.
  3666 | D:4      | Noticed an ogre
  3685 | D:4      | Killed an ogre
  3685 | D:4      | Reached XP level 5. HP: 13/35 MP: 1/10
  3779 | D:4      | Found a sand-covered staircase.
  3803 | Ossuary  | Entered an ossuary
  4018 | Ossuary  | Killed by triggering a spear trap

Skill      XL: |  1  2  3 |
---------------+----------+-----
Spellcasting   | 3 |  3.8
Summonings     | 4 |  4.6
Dodging        | |  1.5
Stealth        | |  1.5

Action                   |  1- 3 |  4- 6 || total
-------------------------+-------+-------++-------
Melee: Club              |   108 |    52 ||   160
       Unarmed           |     6 |       ||     6
 Cast: Summon Small Mamm |    36 |     2 ||    38
       Call Imp          |    22 |    13 ||    35
       Call Canine Famil |     1 |     5 ||     6
  Use: Scroll            |    10 |     4 ||    14
 Stab: Distracted        |       |     1 ||     1
Armor: Robe              |    36 |    15 ||    51
Dodge: Dodged            |    91 |    47 ||   138
